 Dungeon Crawl Stone Soup version 0.29.0-4-gdea44cf6ec (webtiles) character file.

Game seed: 7224309653942998883

343 qw the Chopper (level 6, -2/36 HPs)
             Began as a Tengu Warper on Aug 28, 2022.
             Slain by a gnoll
             ... wielding a +0 spear
             ... led by a gnoll bouda
              (3 damage)
             ... on level 3 of the Dungeon.
             The game lasted 00:00:19 (3700 turns).

qw the Chopper (Tengu Warper)                       Turns: 3700, Time: 00:00:20

Health: -2/36      AC:  8    Str: 16    XL:     6   Next: 57%
Magic:  10/10      EV: 11    Int: 14    God:
Gold:   195        SH:  0    Dex: 13    Spells: 9/9 levels left

rFire   . . .      SeeInvis .   Y - +0 hand axe
rCold   . . .      Faith    +   (no shield)
rNeg    + . .      Spirit   .   e - +0 scale mail
rPois   +          Reflect  .   (helmet restricted)
rElec   .          Harm     .   (no cloak)
rCorr   .          Rampage  .   j - +1 pair of gloves
Will    .....                   (boots unavailable)
Stlth   ..........              g - amulet "Parru" {Faith rPois rN+ Str+3}
HPRegen 0.12/turn               (no ring)
MPRegen 0.12/turn               (no ring)

@: weakened, flying quickly and evasively, quick
A: beak, talons 3, nimble flight, evolution 2
a: no special abilities


You were on level 3 of the Dungeon.
You visited 1 branch of the dungeon, and saw 3 of its levels.
You also visited: Sewer.

You collected 195 gold pieces.


Innate Abilities, Weirdness & Mutations

You have a beak for a mouth.
You have claws for feet.
Your magical nature lets you fly swiftly and evasively.
You have great hidden genetic potential.


   Skills:
 + Level 2.3 Fighting
 - Level 7.3 Axes
 - Level 1.0 Throwing
 - Level 1.1 Armour
 - Level 2.1 Dodging
 - Level 2.0 Spellcasting
 - Level 2.4 Translocations


You had 9 spell levels left.
You didn't know any spells.
Your spell library contained the following spells:

 Spells                   Type           Power      Damage    Failure   Level
 Blink                    Tloc           16%        N/A       45%         2
 Gell's Gravitas          Tloc           8%         N/A       69%         3
 Lesser Beckoning         Tloc           8%         N/A       69%         3
 Teleport Other           Tloc           8%         N/A       69%         3
 Manifold Assault         Tloc           8%         N/A       100%        5

Inventory:

Hand Weapons
 n - a +0 flail
 Y - a +0 hand axe (weapon)
Armour
 e - a +0 scale mail (worn)
 j - a +1 pair of gloves (worn)
Jewellery
 g - the amulet "Parru" (around neck) {Faith rPois rN+ Str+3}
   (You found it on level 2 of the Dungeon)

   [amulet of faith]

   It allows you to gain divine favour quickly.
   Str:       It affects your strength (+3).
   rPois:     It protects you from poison.
   rN:        It protects you from negative energy.
Scrolls
 k - 2 scrolls of identify
 m - a scroll of brand weapon {unknown}
Potions
 a - 2 potions of mutation
 b - a potion of invisibility {unknown}
 c - a potion of curing
 d - a potion of cancellation
 f - a potion of heal wounds {unknown}
 h - 2 potions of might
 l - a potion of haste

Dungeon Overview and Level Annotations

Branches:
Dungeon (3/15)              Sewer (visited)

Altars:

Annotations:
D:2 1 runed translucent door, Crazy Yiuf


Message History

The gnoll bouda hits you but does no damage.
The gnoll hits you with a +0 club. The gnoll hits you but does no damage.
You rip the net and break free!
The gnoll bouda hits you with a +0 club.
The gnoll hits you from afar with a +0 spear.
You hit the gnoll bouda. Your kick misses the gnoll bouda.
You peck the gnoll bouda.
The gnoll bouda is heavily wounded.
You barely miss the gnoll. The gnoll closely misses you.
The gnoll bouda gazes fiercely through you!
You feel your attacks grow feeble. The gnoll bouda barely misses you.
The gnoll hits you but does no damage.
The gnoll hits you from afar with a +0 spear.
You completely miss the gnoll bouda.
The gnoll bouda is heavily wounded.
You hit the gnoll. The gnoll barely misses you.
The gnoll bouda barely misses you.
You hit the gnoll bouda.
The gnoll bouda is almost dead.
You hit the gnoll.
The gnoll hits you but does no damage. x2
A rat comes into view.
The gnoll bouda barely misses you. The gnoll hits you but does no damage.
You hit the gnoll bouda. Your kick misses the gnoll bouda.
Your peck misses the gnoll bouda.
The gnoll bouda is almost dead.
You hit the gnoll.
The gnoll hits you from afar with a +0 spear. x2
The gnoll bouda hits you with a +0 club!
The gnoll closely misses you.
You hit the gnoll bouda.
You kill the gnoll bouda!
You hit the gnoll.
The gnoll hits you from afar with a +0 spear.
The gnoll hits you but does no damage. The gnoll closely misses you.
You hit the gnoll. You claw the gnoll.
You kill the gnoll!
The gnoll hits you from afar with a +0 spear.
You die...

##.#.###..##.##.###.##
#.###..#..##.........#
##.#.#.#..#####.###..#
##..#.#........# #..#
##............# #..#
###.#.#####.####..#
#### #.#.##..........#
...# #......##.#####.#
##.# ###>....)@......#
#.# ####..)########
#.# #.gg# #.### #...#
##...# #.>.# ...#.#
#..r#
##.#.########...####.
##.#.##..............
##.#.#............#..


You could see 2 gnolls and a rat.

Vanquished Creatures
  Sigmund (D:3)
  A gnoll bouda (D:3)
  3 gnolls (D:3)
  4 adders
  3 river rats
  A worm (D:2)
  2 dart slugs (D:1)
  An orc (D:3)
  5 endoplasms
  2 giant cockroaches
  6 goblins
  6 hobgoblins
  3 jackals (D:3)
  A kobold (D:2)
  2 quokkas (D:2)
  12 ball pythons
  7 bats
  7 frilled lizards
  7 rats
74 creatures vanquished.

Notes
Turn   | Place    | Note
-------+----------+-------------------------------------------
     0 | D:1      | qw the Tengu Warper began the quest for the Orb.
     0 | D:1      | Reached XP level 1. HP: 12/12 MP: 4/4
     0 | D:1      | 0 ||| qw: Version: 0.1-a-89-g26bdef1
     0 | D:1      | 0 ||| qw: Game counter: 1080
     0 | D:1      | 0 ||| qw: Always use a shield: true
     0 | D:1      | 0 ||| qw: God list: Okawaru
     0 | D:1      | 0 ||| qw: Allow faded altars: false
     0 | D:1      | 0 ||| qw: Do Orc after D:15 true
     0 | D:1      | 0 ||| qw: Do second Lair branch before Depths: true
     0 | D:1      | 0 ||| qw: Lair rune preference: random
     0 | D:1      | 0 ||| qw: Plans: Normal
     0 | D:1      | 0 ||| PLANNING D:1-11
   248 | D:1      | 248 ||| Stepping ~*~*~tactically~*~*~ (stealth).
   250 | D:1      | 250 ||| Stepping ~*~*~tactically~*~*~ (stealth).
   255 | D:1      | Reached skill level 3 in Axes
   255 | D:1      | Reached XP level 2. HP: 17/17 MP: 6/6
   637 | D:1      | 637 ||| UPGRADING to +0 scale mail.
   647 | D:1      | 647 ||| DROPPING +0 leather armour.
   648 | D:1      | 648 ||| UPGRADING to +0 pair of gloves.
   653 | D:1      | 653 ||| READING scroll labelled LOAMIUX PIKHULAWN.
   654 | D:1      | 654 ||| READING scroll labelled BOUTWE CAPUSU.
   655 | D:1      | 655 ||| READING 2 scrolls labelled DAOCUM KIQOUG.
   656 | D:1      | 656 ||| READING 2 scrolls labelled OCVUBBAPNE.
   657 | D:1      | 657 ||| DRINKING 3 brown potions.
   658 | D:1      | 658 ||| DROPPING scroll of blinking.
   659 | D:1      | 659 ||| DROPPING scroll of poison.
   660 | D:1      | 660 ||| Stepping randomly (stuck).
   660 | D:1      | HP: 4/17 [poisoned by you (poison gas)]
   661 | D:1      | 661 ||| Stepping ~*~*~tactically~*~*~ (cloud).
   662 | D:1      | 662 ||| DRINKING 2 potions of curing.
   662 | D:1      | 662 ||| (to cure poison)
   821 | D:2      | Found a runed translucent door.
   822 | D:2      | Noticed Crazy Yiuf
   901 | D:2      | 901 ||| Stepping ~*~*~tactically~*~*~ (stealth).
   902 | D:2      | 902 ||| Stepping ~*~*~tactically~*~*~ (stealth).
  1035 | D:2      | 1035 ||| DRINKING potion of curing.
  1035 | D:2      | 1035 ||| (to cure poison)
  1089 | D:2      | Reached XP level 3. HP: 21/21 MP: 7/7
  1357 | D:2      | Reached skill level 4 in Axes
  1484 | D:2      | Identified the amulet "Parru" {Faith rPois rN+ Str+3}
  1537 | D:2      | 1537 ||| Stepping ~*~*~tactically~*~*~ (stealth).
  1697 | D:2      | 1697 ||| DROPPING +0 club.
  2099 | D:2      | 2099 ||| UPGRADING to amulet "Parru" {Faith rPois rN+
                  | Str+3}.
  2104 | D:2      | 2104 ||| READING 2 scrolls labelled ZAUNGYBEOWK.
  2105 | D:2      | 2105 ||| READING scroll labelled DEX SEOZ NUNG.
  2106 | D:2      | 2106 ||| READING 4 scrolls of identify.
  2106 | D:2      | 2106 ||| IDENTIFYING fuming grey potion
  2107 | D:2      | 2107 ||| READING 3 scrolls of identify.
  2107 | D:2      | 2107 ||| IDENTIFYING sedimented ruby potion
  2108 | D:2      | 2108 ||| DROPPING potion of degeneration.
  2109 | D:2      | 2109 ||| DROPPING scroll of vulnerability.
  2133 | D:3      | 2133 ||| PLANNING SEWER
  2258 | D:3      | Found a glowing drain.
  2299 | D:3      | Reached XP level 4. HP: 26/26 MP: 8/8
  2445 | Sewer    | Entered a sewer
  2521 | Sewer    | Reached skill level 5 in Axes
  2761 | Sewer    | 2761 ||| READING scroll of enchant armour.
  2761 | Sewer    | 2761 ||| ENCHANTING +0 pair of gloves.
  2791 | Sewer    | 2791 ||| Stepping ~*~*~tactically~*~*~ (stealth).
  2861 | Sewer    | 2861 ||| READING scroll labelled OTICUAZAE.
  2862 | Sewer    | 2862 ||| DRINKING 2 fuming puce potions.
  2862 | Sewer    | Gained mutation: You have hidden genetic potential. [potion
                  | of mutation]
  2863 | Sewer    | 2863 ||| READING 2 scrolls of identify.
  2863 | Sewer    | 2863 ||| IDENTIFYING fizzy pink potion
  2900 | D:3      | 2900 ||| PLANNING D:1-11
  3100 | D:3      | Gained mutation: Your magical nature lets you fly swiftly
                  | and evasively. [Tengu growth]
  3100 | D:3      | Reached XP level 5. HP: 29/30 MP: 9/9
  3112 | D:3      | Found a faded altar of an unknown god.
  3218 | D:3      | 3218 ||| Stepping ~*~*~tactically~*~*~ (stealth).
  3241 | D:3      | Noticed Sigmund
  3242 | D:3      | 3242 ||| Stepping ~*~*~tactically~*~*~ (stealth).
  3327 | D:3      | 3327 ||| FLEEEEING.
  3385 | D:3      | 3385 ||| Stepping ~*~*~tactically~*~*~ (stealth).
  3386 | D:3      | 3386 ||| Stepping ~*~*~tactically~*~*~ (stealth).
  3389 | D:3      | 3389 ||| Stepping ~*~*~tactically~*~*~ (stealth).
  3390 | D:3      | 3390 ||| Stepping ~*~*~tactically~*~*~ (stealth).
  3391 | D:3      | 3391 ||| Stepping ~*~*~tactically~*~*~ (stealth).
  3400 | D:3      | 3400 ||| DROPPING +0 whip.
  3440 | D:3      | 3440 ||| Stepping ~*~*~tactically~*~*~ (stealth).
  3463 | D:3      | Reached skill level 6 in Axes
  3494 | D:3      | Killed Sigmund
  3495 | D:3      | Reached skill level 7 in Axes
  3495 | D:3      | Reached XP level 6. HP: 22/35 MP: 10/10
  3517 | D:3      | Gained mutation: You have great hidden genetic potential.
                  | [hidden potential]
  3683 | D:3      | 3683 ||| Stepping ~*~*~tactically~*~*~ (stealth).
  3685 | D:3      | 3685 ||| Stepping ~*~*~tactically~*~*~ (hiding).
  3687 | D:3      | 3687 ||| Stepping ~*~*~tactically~*~*~ (hiding).
  3698 | D:3      | HP: 6/35 [gnoll bouda/+0 club (8)]
  3699 | D:3      | HP: 1/35 [gnoll/+0 spear[a gnoll bouda] (5)]
  3700 | D:3      | Slain by a gnoll

Levels and vault maps discovered:
D:1:      sevenhm_arrival_forest_fort_large_4, layout_basic
D:2:      layout_loops_corners, uniq_crazy_yiuf_cottage
D:3:      layout_loops_cross, portal_sewer_entry_c,
          nicolae_ecumenical_snake_handling, minmay_crystal_room,
          columned_hall_lemuel, uniq_sigmund

Skill      XL: |  1  2  3  4  5 |
---------------+----------------+-----
Axes           | 3 4 5 7 |  7.3
Fighting       | |  2.3
Throwing       | |  1.0
Armour         | |  1.1
Dodging        | |  2.1
Spellcasting   | |  2.0
Translocations | |  2.4

Action                   |  1- 3 |  4- 6 || total
-------------------------+-------+-------++-------
Melee: Hand axe          |    85 |   108 ||   193
       Kick              |    18 |    26 ||    44
       Peck              |    10 |     9 ||    19
       Punch             |       |     1 ||     1
Throw: Boomerang         |     7 |       ||     7
  Use: Scroll            |     8 |     3 ||    11
       Potion            |     3 |     1 ||     4
 Stab: Distracted        |       |     1 ||     1
Armor: Leather armour    |     3 |       ||     3
       Scale mail        |    21 |    40 ||    61
Dodge: Dodged            |    35 |    43 ||    78

Table legend:
 A = Non-vault XP
 B = Vault XP
 C = Vault XP percentage of total XP
 D = Non-vault monster count
 E = Vault monster count
 F = Vault count percentage of total count
                 A         B        C        D         E       F
            +---------+---------+-------+---------+---------+-------
      Total |     182 |     323 |  64.0 |      50 |      24 |  32.4
            +---------+---------+-------+---------+---------+-------
        D:1 |      25 |       0 |   0.0 |      11 |       0 |   0.0
        D:2 |      37 |       0 |   0.0 |      20 |       0 |   0.0
        D:3 |     120 |     273 |  69.5 |      19 |      10 |  34.5
      Sewer |       0 |      50 | 100.0 |       0 |      14 | 100.0
            +---------+---------+-------+---------+---------+-------
